 Dungeon Crawl Stone Soup version 0.30-a0-862-g1aabd4f9c5 (webtiles) character file.

Game seed: 10827021783521821521

9195 throatwolfe the Spear-Bearer (level 11, -5/63 HPs)
             Began as a Merfolk Ice Elementalist on Mar 9, 2023.
             Was a Priest of Hepliaklqana.
             Slain by a tyrant leech (25 damage)
             ... on level 2 of the Lair of Beasts.
             The game lasted 02:07:47 (9235 turns).

throatwolfe the Spear-Bearer (MfIE)                 Turns: 9235, Time: 02:07:48

Health: -5/63      AC: 14    Str: 10    XL:     11   Next: 42%
Magic:  10/22      EV: 17    Int: 18    God:    Hepliaklqana [***...]
Gold:   587        SH:  5    Dex: 16    Spells: 9/24 levels left

rFire   . . .      SeeInvis .    D - +3 spear (freeze)
rCold   + + .      Faith    .    (no shield)
rNeg    . . .      Spirit   .    S - +2 robe {Will+}
rPois   +          Reflect  +    A - +0 helmet
rElec   .          Rampage  .    N - +2 cloak {rCorr}
rCorr   +                        (no gloves)
Will    ++...                    m - +5 pair of boots "Homo" {+Inv rPois Will+}
Stlth   ++                       t - amulet of reflection
HPRegen 0.30/turn                y - ring of wizardry
MPRegen 0.18/turn                B - ring "Ligyr" {rC++ Dex+2 Slay+4}

@: invisible
A: reduced essence, (nimble swimmer 2), mertail, frail 1, wild magic 1
a: Renounce Religion, Evoke Invisibility, Recall Ancestor, Ancestor Identity,
Transference


You were on level 2 of the Lair of Beasts.
You worshipped Hepliaklqana.
Hepliaklqana was most pleased with you.
You visited 3 branches of the dungeon, and saw 14 of its levels.
You also visited: Bailey.

You collected 587 gold pieces.

Inventory:

Hand Weapons
 c - a +4 scimitar of freezing
 D - a +3 spear of freezing (weapon)
 F - a +2 spear of venom
Missiles
 K - 6 boomerangs of dispersal
Armour
 m - the +5 pair of boots "Homo" (worn) {+Inv rPois Will+}
   (You acquired it on level 4 of the Dungeon)

   rPois:     It protects you from poison.
   +Inv:      It lets you turn invisible.
   Will:      It increases your willpower.
 A - a +0 helmet (worn)
 G - the -2 helmet of Relativism {rElec rF+++ Str-2 Stlth-}
   (You found it on level 6 of the Dungeon)

   Str:       It affects your strength (-2).
   rF:        It renders you almost immune to fire.
   rElec:     It insulates you from electricity.
   Stlth:     It makes you less stealthy.
 N - a +2 cloak of preservation (worn)
 Q - a +0 buckler of positive energy
 S - a +2 robe of willpower (worn)
 U - +0 steam dragon scales
Magical Staves
 p - a staff of death
Jewellery
 h - a +6 ring of strength
 n - a ring of poison resistance
 q - an amulet of magic regeneration
 r - a +4 ring of protection
 t - an amulet of reflection (around neck)
 y - a ring of wizardry (left hand)
 B - the ring "Ligyr" (right hand) {rC++ Dex+2 Slay+4}
   (You acquired it on level 4 of the Dungeon)

   [ring of slaying]

   Dex:       It affects your dexterity (+2).
   Slay:      It affects your accuracy & damage with ranged weapons and melee
   (+4).
   rC:        It greatly protects you from cold.
 L - a ring of resist corrosion
Wands
 x - a wand of polymorph (4)
 E - a wand of flame (10)
 I - a wand of mindburst (10)
 M - a wand of iceblast (5)
Scrolls
 d - 2 scrolls of amnesia
 f - 4 scrolls of teleportation
 g - 2 scrolls of poison {unknown}
 j - a scroll of magic mapping {unknown}
 k - 4 scrolls of identify
 o - 2 scrolls of fog
 s - 2 scrolls of silence
 v - a scroll of blinking {unknown}
 w - 2 scrolls of enchant weapon
 H - a scroll of noise {unknown}
 J - a scroll of enchant armour {unknown}
 V - 2 scrolls of fear {unknown}
Potions
 a - a potion of cancellation {unknown}
 b - 4 potions of magic
 e - 2 potions of might
 i - a potion of resistance
 l - 3 potions of curing
 u - 3 potions of brilliance
 z - a potion of mutation
 O - a potion of flight {unknown}
 T - a potion of haste {unknown}
Miscellaneous
 R - a piece from Xom's chessboard (15/15)


   Skills:
 + Level 5.1 Fighting
 - Level 1.0(1.2) Short Blades
 + Level 1.0(1.2) Long Blades
 + Level 10.3 Polearms
 + Level 9.8 Dodging
 - Level 2.1 Stealth
 + Level 0.1 Unarmed Combat
 + Level 7.4 Spellcasting
 + Level 4.0 Summonings
 * Level 2.8 Necromancy
 + Level 1.0 Transmutations
 + Level 8.4 Ice Magic
 + Level 2.5 Air Magic
 * Level 4.6 Poison Magic


You had 9 spell levels left.
You knew the following spells:

 Your Spells              Type           Power      Damage    Failure   Level
a - Freeze                Ice            100%       1d10      1%          1
b - Ozocubu's Armour      Ice            48%        N/A       1%          3
c - Poisonous Vapours     Pois/Air       50%        N/A       2%          2
d - Summon Ice Beast      Ice/Summ       37%        N/A       5%          4
e - Sting                 Tmut/Pois      88%        1d7       2%          1
f - Olgreb's Toxic Radia  Pois           30%        N/A       9%          4

Your spell library contained the following spells:

 Spells                   Type           Power      Damage    Failure   Level
 Summon Small Mammal      Summ           100%       N/A       1%          1
 Frozen Ramparts          Ice            96%        1d15      1%          3
 Necrotise                Necr           88%        1d8       2%          1
 Kiss of Death            Conj/Necr      60%        2d10      4%          1
 Call Canine Familiar     Summ           27%        N/A       4%          3
 Apportation              Tloc           16%        N/A       6%          1
 Ignite Poison            Fire/Tmut/Pois 17%        N/A       9%          3
 Kindle Blastsparks       Fire/Tloc/Air  24%        2d12      12%         3
 Confusing Touch          Hex            8%         N/A       16%         3
 Dazzling Flash           Conj/Hex       16%        N/A       16%         3
 Portal Projectile        Hex/Tloc       16%        N/A       16%         3
 Dispel Undead            Necr           22%        3d12      17%         4
 Metabolic Englaciation   Hex/Ice        14%        N/A       26%         5
 Freezing Cloud           Conj/Ice/Air   12%        6-21      32%         5
 Iskenderun's Mystic Bla  Conj/Tloc      8%         2d4       45%         4
 Leda's Liquefaction      Hex/Erth       4%         N/A       45%         4
 Sticky Flame             Conj/Fire      8%         2d3       45%         4
 Simulacrum               Ice/Necr       17%        N/A       58%         6
 Starburst                Conj/Fire      4%         6d3       99%         6
 Ignition                 Fire           4%         3d4       100%        8


Dungeon Overview and Level Annotations

Branches:
Dungeon (10/15)            Temple (1/1) D:6            Lair (3/5) D:9
 Bailey (visited)
  Swamp: Lair:2-3    Shoals: Lair:2-3     Snake: Lair:2-3    Spider: Lair:2-3
    Orc: D:9-12

Altars:
Ashenzari
Cheibriados
Dithmenos
Elyvilon
Fedhas
Gozag
Hepliaklqana
Kikubaaqudgha
Makhleb
Nemelex Xobeh
Okawaru
Qazlal
Ru
Sif Muna
Trog
Uskayaw
Vehumet
Wu Jian
Xom
Yredelemnul
Zin
The Shining One

Shops:
D:3 [   D:7 (

Annotations:
D:3 exclusion: statue


Innate Abilities, Weirdness & Mutations

Your life essence is reduced to manifest your ancestor. (-10% HP)
((You are very nimble when in or above water. (Stealth+, EV+, Speed+++)))
Your lower body shifts to a powerful aquatic tail in water.
You are frail. (-10% HP)
Your spells are a little harder to cast, but a little more powerful.


Message History

Stanko drains the cane toad.
You closely miss the cane toad.
The cane toad is moderately wounded.
You block the cane toad's attack. The swamp worm completely misses you.
Stanko closely misses the cane toad.
The swamp worm bites Stanko!
You hit the cane toad. You freeze the cane toad.
The cane toad is heavily wounded.
The swamp worm barely misses Stanko.
Stanko casts a spell at the swamp worm.
The cane toad seems to slow down.
The cane toad misses Stanko.
You hit the cane toad. You freeze the cane toad.
The cane toad is severely wounded.
The swamp worm bites Stanko!!
Stanko is destroyed!
You hit the cane toad. You freeze the cane toad.
The cane toad is severely wounded.
The swamp worm barely misses you. The cane toad stings you!
Your icy armour will break if you move.
Continue?
The swamp worm attacks as you move away!
You block the swamp worm's attack.
Your icy armour cracks and falls away as you move.
The bullfrog attacks as you move away! The bullfrog closely misses you.
The swamp worm fires a harpoon shot at you.
The harpoon shot hits you!
You are yanked forward by the harpoon shot.
The tyrant leech bites you!
* * * LOW HITPOINT WARNING * * *
The tyrant leech draws strength from your injuries!
The swamp worm misses you. The bullfrog closely misses you.
You feel better. The bullfrog misses you. The cane toad completely misses you.
The tyrant leech bites you.
* * * LOW HITPOINT WARNING * * *
The tyrant leech draws strength from your injuries!
You feel better. The bullfrog hits you. The swamp worm closely misses you.
The cane toad barely misses you.
The bullfrog hits you but does no damage.
You fade into invisibility!
The swamp worm looks more healthy.
You block the swamp worm's attack. The tyrant leech bites you!!
You die...

# ######
###########.#..######.###
.........................
...>..............##.
.(..#.##+#.....w@FP##
..+.......P....wFw..#
..#.......P.....w.###
...#.)...#♣♣♣♣♣......
.........♣ ♣♣.......
##......♣♣ ♣..##...
##.....# .... ..# #.....♣
♣.... .# .....


You could see a tyrant leech (unable to see you, very poisoned), a cane toad
(unable to see you, slow, drained), 3 swamp worms and a bullfrog (unable to see
you, very poisoned).

Vanquished Creatures
  A black mamba (Lair:1)
  Maurice (D:8)
  3 cane toads (Lair:1)
  A gargoyle (Bailey)
  A rime drake (Lair:1)
  2 trolls (D:9)
  3 blink frogs (Lair:1)
  Menkaure (D:4)
  A steam dragon (D:8)
  6 yaks
  Edmund (D:4)
  A black bear (D:5)
  An ice beast (D:6)
  4 orc warriors
  2 sky beasts
  2 ogres
  A centaur (D:8)
  2 wolves (D:9)
  2 phantoms
  2 bullfrogs
  A gnoll sergeant (D:6)
  4 scorpions
  10 wights
  7 vampire bats (Bailey)
  An electric eel (D:9)
  A jelly (D:7)
  3 wolf zombies (Bailey)
  6 hounds
  3 orc priests
  Terence (D:3)
  6 orc wizards
  14 gnolls
  3 adders
  3 shadow imps
  A white imp (D:7)
  A worm (D:3)
  5 dart slugs
  34 orcs
  7 ball pythons
  7 endoplasms
  4 giant cockroaches
  8 goblins
  6 hobgoblins
  A jackal (D:2)
  4 quokkas
  4 bats
  4 frilled lizards
  5 kobolds
  10 orc zombies (Bailey)
  6 rats
208 creatures vanquished.

Vanquished Creatures (collateral kills)
  A cane toad (Lair:1)
  A tyrant leech (Lair:2)
  3 yaks (Lair:2)
  A sky beast (D:7)
  2 bullfrogs (Lair:1)
  2 vampire bats (Bailey)
  A wolf zombie (Bailey)
  A hound (D:9)
  2 orc zombies (Bailey)
  4 orcs
  A goblin (D:8)
19 creatures vanquished.

Vanquished Creatures (others)
  A gnoll sergeant (D:8)
  3 hexers
  5 ancestors
  2 gnolls (D:8)
  2 orcs (D:8)
  2 demonic plants (D:3)
  10 fungi
  7 plants (D:3)
  2 withered plants (D:3)
34 creatures vanquished.

Grand Total: 261 creatures vanquished

Notes
Turn   | Place    | Note
-------+----------+-------------------------------------------
     0 | D:1      | throatwolfe the Merfolk Ice Elementalist began the quest
                  | for the Orb.
     0 | D:1      | Reached XP level 1. HP: 13/13 MP: 3/3
   198 | D:1      | Reached XP level 2. HP: 19/19 MP: 3/5
   885 | D:2      | Found a radiant altar of Vehumet.
   911 | D:2      | Reached skill level 5 in Ice Magic
   918 | D:2      | Reached XP level 3. HP: 24/24 MP: 4/6
  1074 | D:2      | Learned a level 3 spell: Ozocubu's Armour
  1854 | D:3      | Found a radiant altar of Vehumet.
  1854 | D:3      | Noticed a charred statue
  1880 | D:3      | Reached XP level 4. HP: 30/31 MP: 7/7
  1953 | D:3      | Noticed Terence
  1963 | D:3      | Killed Terence
  2108 | D:3      | Found a faded altar of an unknown god.
  2253 | D:3      | Found Juena's Armour Emporium.
  2371 | D:3      | Reached XP level 5. HP: 31/36 MP: 6/9
  2479 | D:4      | Reached skill level 1 in Polearms
  2512 | D:4      | Noticed Menkaure
  2567 | D:4      | Reached skill level 1 in Short Blades
  2572 | D:5      | Entered Level 5 of the Dungeon
  2590 | D:4      | Found a transporter.
  2604 | D:4      | Learned a level 3 spell: Frozen Ramparts
  2625 | D:4      | Found a transporter.
  2710 | D:4      | Reached XP level 6. HP: 20/42 MP: 11/11
  2933 | D:4      | Identified 2 scrolls of acquirement
  2933 | D:4      | Acquired the ring "Ligyr" {rC++ Dex+2 Slay+4}
  2937 | D:4      | Acquired the +5 pair of boots "Homo" {+Inv rPois Will+}
  3020 | D:4      | Killed Menkaure
  3021 | D:4      | Reached skill level 1 in Fighting
  3021 | D:4      | Reached skill level 2 in Polearms
  3661 | D:4      | Noticed Edmund
  3691 | D:4      | Killed Edmund
  3692 | D:4      | Reached skill level 3 in Polearms
  3692 | D:4      | Reached XP level 7. HP: 25/48 MP: 13/13
  3959 | D:5      | Reached skill level 4 in Polearms
  3985 | D:5      | Reached skill level 5 in Dodging
  4060 | D:5      | Learned a level 2 spell: Poisonous Vapours
  4083 | D:5      | Reached skill level 5 in Polearms
  4083 | D:5      | Reached XP level 8. HP: 56/56 MP: 12/14
  4149 | D:5      | Gained mutation: You are frail. (-10% HP) [potion of
                  | mutation]
  4149 | D:5      | Gained mutation: Your spells are a little harder to cast,
                  | but a little more powerful. [potion of mutation]
  4587 | D:6      | Reached skill level 6 in Polearms
  4654 | D:6      | Found a glowing golden altar of the Shining One.
  4655 | D:6      | Found an opulent altar of Gozag.
  4655 | D:6      | Found an ornate altar of the Wu Jian Council.
  4655 | D:6      | Found an ancient bone altar of Kikubaaqudgha.
  4656 | D:6      | Found a hazy altar of Hepliaklqana.
  4656 | D:6      | Found a snail-covered altar of Cheibriados.
  4656 | D:6      | Found a white marble altar of Elyvilon.
  4656 | D:6      | Found a stormy altar of Qazlal.
  4702 | D:6      | Reached skill level 5 in Spellcasting
  4775 | D:6      | Found a sacrificial altar of Ru.
  4776 | D:6      | Found a sparkling altar of Nemelex Xobeh.
  4776 | D:6      | Found a hide-covered altar of Uskayaw.
  4789 | D:6      | Became a worshipper of Hepliaklqana the Forgotten
  5197 | D:6      | Found a staircase to the Ecumenical Temple.
  5206 | Temple   | Entered the Ecumenical Temple
  5456 | D:6      | Identified the -2 helmet of Relativism {rElec rF+++ Str-2
                  | Stlth-}
  5484 | D:6      | Reached skill level 1 in Long Blades
  5484 | D:6      | Reached XP level 9. HP: 55/56 MP: 16/16
  5670 | D:7      | Learned a level 4 spell: Summon Ice Beast
  5691 | D:7      | Reached skill level 7 in Polearms
  5691 | D:7      | Reached skill level 1 in Poison Magic
  5784 | D:7      | Reached skill level 1 in Summonings
  5903 | D:7      | Reached skill level 1 in Air Magic
  6129 | D:7      | Reached * piety under Hepliaklqana
  6239 | D:7      | Found Ruvif's Weapon Emporium.
  6483 | D:8      | Noticed Maurice
  6502 | D:8      | Killed Maurice
  6503 | D:8      | Reached skill level 8 in Polearms
  6575 | D:8      | Noticed a lindwurm
  6578 | D:8      | Noticed a lindwurm
  6586 | D:8      | Noticed a lindwurm
  6645 | D:8      | Found a flagged portal.
  6654 | Bailey   | Entered a bailey
  6728 | Bailey   | Reached XP level 10. HP: 56/56 MP: 15/19
  6801 | Bailey   | Noticed a gargoyle
  6817 | Bailey   | Killed a gargoyle
  7009 | Bailey   | Learned a level 1 spell: Sting
  7203 | Bailey   | Identified the +0 chain mail of Ashenzari's Reproof
                  | {Regen+}
  7543 | D:8      | Reached skill level 9 in Polearms
  7561 | D:8      | Noticed a lindwurm
  8111 | D:10     | Entered Level 10 of the Dungeon
  8161 | D:9      | Found a staircase to the Lair.
  8181 | D:9      | Reached skill level 1 in Transmutations
  8253 | D:9      | Reached skill level 1 in Necromancy
  8341 | D:9      | Learned a level 4 spell: Olgreb's Toxic Radiance
  8344 | Lair:1   | Entered Level 1 of the Lair of Beasts
  8350 | Lair:1   | Reached ** piety under Hepliaklqana
  8351 | Lair:1   | Remembered your ancestor Stanko as a hexer
  8473 | Lair:1   | Noticed a cane toad
  8482 | Lair:1   | Killed a cane toad
  8512 | Lair:1   | Reached XP level 11. HP: 61/62 MP: 21/21
  8582 | Lair:1   | Reached skill level 5 in Fighting
  8582 | Lair:1   | Reached skill level 10 in Polearms
  9205 | Lair:2   | Reached *** piety under Hepliaklqana
  9235 | Lair:2   | Slain by a tyrant leech

Illustrated notes

Levels and vault maps discovered:
D:1:      matt_arrival_los_fun, layout_loops_ring
D:2:      minmay_chambers_of_twos, layout_basic, basic_altar,
          minmay_split_cup_small
D:3:      layout_rooms, vehumet_statue, shapermc_ecumenical_altar_gd,
          serial_shops, nicolae_shop_behind_doors, uniq_terence
D:4:      gammafunk_wand_slinger, layout_loops_corners, uniq_menkaure,
          uniq_edmund
D:5:      layout_loops_ring
D:6:      layout_basic, nicolae_overflows_in_rows, minmay_temple_entry_poolview
D:7:      layout_basic, serial_shops, nicolae_shop_stone
D:8:      layout_basic, lightli_bailey_entry_fortress, minmay_lindwurm_lava,
          uniq_maurice
D:9:      layout_gridville, erik_lair_island, serial_shops, nicolae_shop_trees,
          shop, minivault_22
D:10:     layout_roguey, minmay_orc_keep, uniq_sonja, uniq_harold
Temple:   jpeg_temple_alley_garden
Lair:1:   layout_chaotic_city, lemuel_fruit_tree, grunt_megastairs_3
Lair:2:   layout_chaotic_city, minmay_swamp_entry_worms,
          nicolae_spider_entry_non_spiders
Lair:3:   layout_loops_ring, serial_bayou_shore_a

Skill      XL: |  1  2  3  4  5  6  7  8  9 10 11 |
---------------+----------------------------------+-----
Dodging        | 3 4 5 8 9 |  9.8
Ice Magic      | 5 6 7 8 |  8.4
Spellcasting   | 3 4 5 6 7 |  7.4
Polearms       | 1 3 5 6 8 9 10 | 10.3
Short Blades   | 1 |  1.0
Fighting       | 1 2 3 4 5 |  5.1
Long Blades    | 1 |  1.0
Poison Magic   | 3 4 |  4.6
Summonings     | 2 3 4 |  4.0
Air Magic      | 1 2 |  2.5
Transmutations | 1 |  1.0
Necromancy     | 2 |  2.8
Stealth        | |  2.1
Unarmed Combat | |  0.1

Action                     |  1- 3 |  4- 6 |  7- 9 | 10-12 || total
---------------------------+-------+-------+-------+-------++-------
  Melee: Unarmed           |    12 |       |       |       ||    12
         Dagger            |    47 |     6 |       |       ||    53
         Spear             |       |   148 |   426 |   306 ||   880
         Punch             |       |     3 |     3 |     4 ||    10
         Tailslap          |       |     2 |       |     2 ||     4
   Cast: Freeze            |    43 |    37 |       |     1 ||    81
         Ozocubu's Armour  |     3 |     6 |    21 |    23 ||    53
         Frozen Ramparts   |       |     4 |       |       ||     4
         Poisonous Vapours |       |       |    15 |       ||    15
         Summon Ice Beast  |       |       |     1 |     6 ||     7
         Sting             |       |       |       |    18 ||    18
         Olgreb's Toxic Ra |       |       |       |     7 ||     7
 Invoke: Recall Ancestor   |       |       |     1 |       ||     1
         Ancestor Identity |       |       |     1 |       ||     1
         Ancestor Life: He |       |       |       |     1 ||     1
    Use: Scroll            |       |     8 |       |     7 ||    15
         Potion            |       |     2 |     3 |     4 ||     9
   Stab: Sleeping          |     5 |     4 |     5 |     3 ||    17
         Distracted        |       |       |     1 |     5 ||     6
         Confused          |       |       |       |     2 ||     2
 Armour: Robe              |    23 |    50 |   119 |    62 ||   254
  Dodge: Dodged            |    42 |    87 |   197 |   148 ||   474
  Block: Other             |       |       |       |     4 ||     4

Table legend: (Time is in decaauts)
 A = Elapsed time spent in this place.
 B = Non-inter-level travel time spent in this place.
 C = Inter-level travel time spent in this place.
 D = Time resting spent in this place.
 E = Time spent auto-exploring this place.
 F = Levels seen in this place.
 G = Mean time per level.
                   A        B        C        D        E       F      G
               +--------+--------+--------+--------+--------+-----+--------+
         Total |   8990 |   7113 |   1877 |    872 |   3864 |  15 |  599.3 |
       Dungeon |   7327 |   5675 |   1652 |    724 |   3210 |  10 |  732.7 |
        Temple |    206 |    197 |      9 |      0 |    191 |   1 |  206.0 |
          Lair |    854 |    638 |    216 |      0 |    463 |   3 |  284.7 |
        Bailey |    601 |    601 |      0 |    148 |      0 |   1 |  601.0 |
               +--------+--------+--------+--------+--------+-----+--------+

Top non-repeatable levels by time:
     D:4: 1530 daAuts
     D:2: 1021 daAuts
     D:6: 888 daAuts
     D:8: 825 daAuts
     D:7: 794 daAuts
     D:1: 785 daAuts
  Lair:1: 766 daAuts
     D:3: 607 daAuts
  Bailey: 601 daAuts
     D:5: 571 daAuts
     D:9: 292 daAuts
  Temple: 206 daAuts
  Lair:2: 84 daAuts
    D:10: 11 daAuts
  Lair:3: 3 daAuts
